 Dungeon Crawl Stone Soup version 0.22-a0-271-gc000056a37 (webtiles) character file.

74 RedPan the Insei (level 4, -3/35 HPs)
             Began as a Demonspawn Monk on Mar 11, 2018.
             Slain by Natasha (9 damage)
             ... on level 2 of the Dungeon.
             The game lasted 00:02:50 (2300 turns).

RedPan the Insei (Demonspawn Monk)                  Turns: 2300, Time: 00:02:50

Health: -3/35      AC:  2    Str: 12    XL:     4   Next: 10%
Magic:  4/4        EV: 15    Int: 12    God:
Gold:   108        SH:  0    Dex: 15    Spells: 3/3 levels left

rFire    . . .     SeeInvis .     - Unarmed
rCold    . . .     Gourm    .   (no shield)
rNeg     . . .     Faith    .   a - +0 robe
rPois    .         Spirit   .   (no helmet)
rElec    .         Reflect  .   (no cloak)
rCorr    .         Harm     .   (no gloves)
MR       .....                  (no boots)
Stlth    ++........             (no amulet)
HPRegen  0.11/turn              (no ring)
MPRegen  0.09/turn              (no ring)

@: hasted and slowed
A: repulsion field 1, powered by pain 1
a: no special abilities


You were on level 2 of the Dungeon.
You were hungry.

You visited 1 branch of the dungeon, and saw 2 of its levels.

You collected 108 gold pieces.

Inventory:

Armour
 a - a +0 robe (worn)
Scrolls
 f - a scroll of immolation {unknown}
Potions
 e - a potion of might {unknown}
 h - a potion of degeneration {unknown}
Comestibles
 b - 3 rations
 g - a chunk of flesh


   Skills:
 - Level 3.0 Fighting
 + Level 3.3 Dodging
 - Level 1.7 Stealth
 * Level 4.0 Unarmed Combat


You had 3 spell levels left.
You didn't know any spells.

Dungeon Overview and Level Annotations

Branches:
Dungeon (2/15)

Altars:

Annotations:
D:2 Natasha


Innate Abilities, Weirdness & Mutations

You are surrounded by a mild repulsion field. (EV +2)
You sometimes gain a little power by taking damage.


Message History

Natasha is severely wounded.
The crimson imp disappears in a puff of smoke!
Natasha casts a spell at you.
You feel as though you will be slow longer.
You hit Natasha.
Natasha is almost dead.
Natasha claws you! Natasha closely misses you.
You hit Natasha but do no damage.
Natasha is almost dead.
Natasha claws you.
You miss Natasha.
Natasha is almost dead.
Natasha barely misses you. Natasha claws you!
* * * LOW HITPOINT WARNING * * *
You closely miss Natasha.
Natasha is almost dead.
Natasha misses you.
It was a potion of magic.
Magic courses through your body. Natasha misses you.
You feel yourself speed up. Natasha claws you!
You die...

.# #.....♣....#..#.
#...............
#####......#####.#..
#..........# #......
#.########## #.###.#
#####.### #. #.#
#.......# ..#
#.###.#.# ....
...#@# ####> ###.#h#
#. #.#.# #. #.#.? #.
#.... #. ..##.. ..
...


You could see Natasha.

Vanquished Creatures
  4 adders (D:2)
  A worm (D:2)
  A dart slug (D:1)
  A leopard gecko (D:1)
  2 bats
  2 giant cockroaches (D:1)
  5 goblins
  4 hobgoblins
  A ball python (D:1)
  2 frilled lizards
  6 kobolds (D:1)
  4 rats
33 creatures vanquished.

Notes
Turn   | Place    | Note
-------+----------+-------------------------------------------
     0 | D:1      | RedPan the Demonspawn Monk began the quest for the Orb.
     0 | D:1      | Reached XP level 1. HP: 18/18 MP: 1/1
   149 | D:1      | Reached skill level 3 in Unarmed Combat
   169 | D:1      | Gained mutation: You sometimes gain a little power by taking damage. [demonic ancestry]
   169 | D:1      | Reached XP level 2. HP: 14/24 MP: 2/2
  1202 | D:2      | Gained mutation: You are surrounded by a mild repulsion field. (EV +2) [demonic ancestry]
  1202 | D:2      | Reached XP level 3. HP: 11/29 MP: 3/3
  2150 | D:2      | Found a faded altar of an unknown god.
  2171 | D:2      | Reached skill level 4 in Unarmed Combat
  2171 | D:2      | Reached XP level 4. HP: 31/35 MP: 4/4
  2264 | D:2      | Noticed Natasha
  2300 | D:2      | Slain by Natasha

Vault maps used:
D:1:      giann_bridges, serial_corexii_hall, corexii_hall_statues_i,
          corexii_hall_statues_i, corexii_item_surrounded_by_moat
D:2:      chequers_ecumenical_altar_simple, grunt_dithmenos_smoke_and_mirrors,
          uniq_natasha

Skill      XL: |  1  2  3 |
---------------+----------+-----
Unarmed Combat | 3 4 |  4.0
Dodging        | 3 |  3.3
Fighting       | |  3.0
Stealth        | |  1.7

Action                   |  1- 3 |  4- 6 || total
-------------------------+-------+-------++-------
Melee: Unarmed           |   182 |    40 ||   222
       Punch             |     2 |       ||     2
  Use: Scroll            |     1 |       ||     1
       Potion            |       |     2 ||     2
 Stab: Sleeping          |     4 |       ||     4
  Eat: Chunk             |     4 |       ||     4
Armor: Robe              |    23 |     8 ||    31
Dodge: Dodged            |   124 |    41 ||   165

Table legend:
 A = Spawn XP
 B = Non-spawn XP
 C = Spawn XP percentage of total XP
 D = Spawn monster count
 E = Non-spawn monster count
 F = Spawn count percentage of total count
 G = Total turns spent on level
                    A         B        C        D         E        F      G
               +---------+---------+-------+---------+---------+-------+---------
         Total |       0 |     107 |   0.0 |       0 |      33 |   0.0 |  2300
               +---------+---------+-------+---------+---------+-------+---------
           D:1 |       0 |      39 |   0.0 |       0 |      22 |   0.0 |  1700
           D:2 |       0 |      68 |   0.0 |       0 |      11 |   0.0 |   600
               +---------+---------+-------+---------+---------+-------+---------
